 Dungeon Crawl Stone Soup version 0.30.1-9-gdf580d7c3d (webtiles) character file.

Game seed: 14955496123431458872

865 Cheops the Caller (level 7, -7/46 (50) HPs)
             Began as a Pale Draconian Summoner on Sept 25, 2023.
             Was an Initiate of the Shining One.
             Mangled by a wight
             ... wielding a +3 mace of freezing
              (8 damage)
             ... on level 4 of the Dungeon.
             The game lasted 00:21:43 (4028 turns).

Cheops the Caller (Pale Draconian Summoner)         Turns: 4028, Time: 00:21:44

HP:   -7/46 (50)    AC:  6    Str: 11    XL:     7   Next: 72%
MP:   11/11         EV: 12    Int: 17    God:    the Shining One [......]
Gold: 44            SH:  0    Dex: 11    Spells: 2/12 levels left

rFire   . . .        a - +0 trident
rCold   . . .        (no shield)
rNeg    . . .        (body armour unavailable)
rPois   .            (helmet restricted)
rElec   .            (no cloak)
rCorr   .            (no gloves)
SInv    .            (no boots)
Will    +....        (no amulet)
Stlth   +            e - ring of willpower
HPRegen 0.27/turn    (no ring)
MPRegen 0.12/turn

%: no passive effects
@: slowed, glowing, drained, very slow
A: breathe steam, AC +6, unfitting armour, cold-blooded, steam resistance
a: Breathe Steam, Renounce Religion


You were on level 4 of the Dungeon.
You worshipped the Shining One.
The Shining One was noncommittal.
You visited 2 branches of the dungeon, and saw 5 of its levels.

You collected 144 gold pieces.
You spent 100 gold pieces at shops.

Inventory:

Hand Weapons
 a - a +0 trident (weapon)
 b - a +0 halberd
Jewellery
 e - a ring of willpower (left hand)
Wands
 j - a wand of light (14)
 p - a wand of mindburst (14)
 r - a wand of flame (7)
Scrolls
 f - 3 scrolls of enchant weapon {unknown}
 g - 2 scrolls of brand weapon {unknown}
 i - a scroll of blinking {unknown}
 l - a scroll of enchant armour
 q - a scroll of poison
 t - a scroll of teleportation
 u - a scroll of amnesia {unknown}
 v - a scroll of identify
Potions
 c - a potion of curing {unknown}
 d - 3 potions of magic
 h - a potion of degeneration {unknown}
 k - a potion of heal wounds
 m - a potion of lignification {unknown}
 n - a potion of haste {unknown}
 o - a potion of attraction {unknown}
 s - a potion of mutation {unknown}


   Skills:
 + Level 3.3 Polearms
 - Level 1.7 Dodging
 - Level 1.7 Stealth
 - Level 3.0 Spellcasting
 - Level 7.0 Summonings
 * Level 4.6 Air Magic
 - Level 2.1 Evocations


You had 2 spell levels left.
You knew the following spells:

 Your Spells              Type           Power      Damage    Failure   Level
C - Call Canine Familiar  Summ           26%        N/A       3%          3
G - Summon Small Mammal   Summ           100%       N/A       1%          1
L - Summon Lightning Spi  Summ/Air       22%        N/A       16%         4
Z - Call Imp              Summ           52%        N/A       1%          2

Your spell library contained the following spells:

 Spells                   Type           Power      Damage    Failure   Level
 Cigotuvi's Dreadful Rot  Necr/Pois/Air  14%        N/A       14%         2
 Freeze                   Ice            8%         1d3       17%         1
 Summon Guardian Golem    Hex/Summ       14%        N/A       12%         3
 Frozen Ramparts          Ice            4%         1d1       45%         3
 Hailstorm                Conj/Ice       2%         3d3       45%         3
 Dispel Undead            Necr           2%         3d7       86%         4
 Death Channel            Necr           1%         N/A       100%        6


Dungeon Overview and Level Annotations

Branches:
Dungeon (4/15)             Temple (1/1) D:4

Altars:
Ashenzari
Dithmenos
Elyvilon
Makhleb
Okawaru
Ru
Trog
Wu Jian
Xom
Yredelemnul
Zin
The Shining One

Shops:
D:4 *


Innate Abilities, Weirdness & Mutations

You can breathe blasts of scalding, opaque steam.
Your pale cyan-grey scales are hard. (AC +6)
You cannot fit into any form of body armour.
You are cold-blooded and may be slowed by cold attacks.
You are immune to the effects of steam.


Message History

You are too injured to fight recklessly!
You are too injured to fight recklessly!
You are too injured to fight recklessly!
You are too injured to fight recklessly!
You are too injured to fight recklessly!
You are too injured to fight recklessly!
You are too injured to fight recklessly!
You are too injured to fight recklessly!
You are too injured to fight recklessly!
You are too injured to fight recklessly!
You hit the wight.
Your tail-slap misses the wight.
The wight is moderately damaged.
Your hound disappears in a puff of smoke!
The wight hits you with a +3 mace of freezing!
* * * LOW HITPOINT WARNING * * *
You feel drained.
* * * LOW HITPOINT WARNING * * *
You feel as though you will be slow longer.
The wight freezes you.
* * * LOW HITPOINT WARNING * * *
The wight hits you with a +3 mace of freezing!
* * * LOW HITPOINT WARNING * * *
You feel as though you will be slow longer.
The wight freezes you.
* * * LOW HITPOINT WARNING * * *
You hit the wight.
The wight is heavily damaged.
The wight misses you.
You barely miss the wight.
Your tail-slap misses the wight.
The wight is heavily damaged.
The wight misses you.
The wight hits you with a +3 mace of freezing.
* * * LOW HITPOINT WARNING * * *
You feel as though you will be slow longer.
The wight freezes you.
* * * LOW HITPOINT WARNING * * *
You hit the wight.
The wight is severely damaged.
The wight hits you with a +3 mace of freezing!
You die...

### # #.# #
#####'#+#+#+# #
#..'.@....... ######
#.###z#+#+#+# #.....
#.8##.# #.....
#.###############..<..
#.....................
#############.........
#.>[...... #.........
#..)......


You could see a wight.

Vanquished Creatures
  An orc priest (D:4)
  Natasha (D:4)
  3 adders
  A worm (D:3)
  A dart slug (D:2)
  5 orcs
  2 ball pythons
  An endoplasm (D:1)
  4 giant cockroaches
  A goblin (D:4)
  A hobgoblin (D:3)
  A kobold (D:2)
  2 quokkas
  7 bats
  A rat (D:1)
32 creatures vanquished.

Vanquished Creatures (collateral kills)
  Sigmund (D:2)
  Eustachio (D:4)
  A scorpion (D:4)
  A howler monkey (D:3)
  An orc priest (D:3)
  2 hounds (D:4)
  Jessica (D:3)
  An orc wizard (D:4)
  Natasha (twice) (D:4)
  3 gnolls (D:2)
  7 adders
  An adder zombie (D:4)
  3 dart slugs
  7 orcs
  3 endoplasms
  2 giant cockroaches
  A goblin (D:2)
  6 hobgoblins
  3 kobolds
  A quokka (D:1)
  6 ball pythons
  2 bats
  2 frilled lizards
  3 rats
61 creatures vanquished.

Grand Total: 93 creatures vanquished

Notes
Turn   | Place    | Note
-------+----------+-------------------------------------------
     0 | D:1      | Cheops the Draconian Summoner began the quest for the Orb.
     0 | D:1      | Reached XP level 1. HP: 14/14 MP: 3/3
   654 | D:1      | Reached XP level 2. HP: 19/20 MP: 2/5
   741 | D:1      | Learned a level 2 spell: Call Imp
  1301 | D:2      | Noticed Sigmund
  1456 | D:2      | Reached XP level 3. HP: 26/26 MP: 4/7
  1460 | D:2      | Learned a level 3 spell: Call Canine Familiar
  1720 | D:2      | Reached skill level 5 in Summonings
  1720 | D:2      | Reached XP level 4. HP: 28/33 MP: 4/8
  1944 | D:2      | Killed Sigmund
  1945 | D:2      | Reached skill level 6 in Summonings
  1945 | D:2      | Reached XP level 5. HP: 15/38 MP: 4/9
  2333 | D:3      | Reached skill level 7 in Summonings
  2333 | D:3      | Reached XP level 6. HP: 40/45 MP: 7/10
  2338 | D:3      | Learned a level 4 spell: Summon Lightning Spire
  2478 | D:3      | Found a faded altar of an unknown god.
  2553 | D:3      | Reached skill level 1 in Evocations
  2710 | D:3      | Reached skill level 1 in Polearms
  2781 | D:3      | Found a sacrificial altar of Ru.
  2796 | D:3      | Noticed Jessica
  2800 | D:3      | Killed Jessica
  2909 | D:4      | Found a staircase to the Ecumenical Temple.
  3005 | D:4      | Reached skill level 1 in Air Magic
  3099 | D:4      | Found Xeroim's General Store.
  3150 | D:4      | Noticed Natasha
  3264 | D:4      | Bought a potion of heal wounds for 50 gold pieces
  3264 | D:4      | Bought a scroll of teleportation for 30 gold pieces
  3264 | D:4      | Bought a scroll of identify for 20 gold pieces
  3319 | D:4      | Your scales start taking on a pale cyan-grey colour.
  3319 | D:4      | Reached XP level 7. HP: 50/50 MP: 8/11
  3319 | D:4      | Gained mutation: You are immune to the effects of steam.
                  | [Pale Draconian growth]
  3363 | D:4      | Noticed Eustachio
  3400 | D:4      | Killed Eustachio
  3488 | D:4      | Killed Natasha
  3495 | D:4      | Noticed Natasha
  3500 | D:4      | Killed Natasha
  3505 | D:4      | Noticed Natasha
  3517 | D:4      | Killed Natasha
  3545 | D:4      | HP: 2/50 [poisoned by an orc wizard]
  3566 | Temple   | Entered the Ecumenical Temple
  3754 | Temple   | Became a worshipper of the Shining One
  4027 | D:4      | HP: 1/46 [wight/+3 mace of freezing (2)]
  4028 | D:4      | Mangled by a wight

Illustrated notes

Levels and vault maps discovered:
D:1:      scummos_arrival_simple_fountains, layout_basic
D:2:      layout_loops_ring, minivault_5, uniq_sigmund
D:3:      layout_rooms, nicolae_ru_path_of_blood, basic_ecumenical_altar,
          uniq_jessica
D:4:      layout_rooms, lemuel_mausoleum_altar_kikubaaqudgha,
          minmay_temple_entry_large_hall, serial_shops,
          nicolae_shop_temple_entry_statues_fountains, uniq_natasha,
          uniq_eustachio
Temple:   hellmonk_temple_of_storms

Skill      XL: |  1  2  3  4  5  6  7 |
---------------+----------------------+-----
Spellcasting   | 3 |  3.0
Summonings     | 5 6 7 |  7.0
Evocations     | 2 |  2.1
Polearms       | 2 3 |  3.3
Air Magic      | 2 4 |  4.6
Dodging        | |  1.7
Stealth        | |  1.7

Action                     |  1- 3 |  4- 6 |  7- 9 || total
---------------------------+-------+-------+-------++-------
  Melee: Unarmed           |    12 |       |       ||    12
         Short sword       |    56 |     2 |       ||    58
         Tailslap          |     7 |     9 |     3 ||    19
         Punch             |     1 |       |       ||     1
         Spear             |       |    70 |       ||    70
         Trident           |       |    19 |    53 ||    72
   Cast: Summon Small Mamm |    23 |       |     2 ||    25
         Call Imp          |     6 |     8 |     1 ||    15
         Call Canine Famil |     4 |    14 |     4 ||    22
    Use: Scroll            |       |     2 |     1 ||     3
         Potion            |       |       |     2 ||     2
   Stab: Sleeping          |       |     1 |       ||     1
         Distracted        |       |       |     1 ||     1
 Armour: Skin              |    46 |    23 |    20 ||    89
  Dodge: Dodged            |    62 |    49 |    43 ||   154
